 Seeded DCSS version 0.29.1-13-g9f3cf754e1 (webtiles) character file.

Game seed: 2841445438214141605 (custom seed)

143346 sanboga the Slayer (level 16, -6/167 HPs)
             Began as a Minotaur Berserker on Jan 26, 2023.
             Was a High Priest of Trog.
             Succumbed to a naga mage's bolt of poison
             ... on level 4 of the Snake Pit.
             The game lasted 00:36:23 (33990 turns).

sanboga the Slayer (Minotaur Berserker)            Turns: 33990, Time: 00:36:23

Health: -6/167     AC: 34    Str: 38    XL:     16   Next: 82%
Magic:  15/15      EV:  9    Int:  8    God:    Trog [*****.]
Gold:   622        SH: 20    Dex: 12    Spells: 15/15 levels left

rFire   . . .      SeeInvis .   b - +1 broad axe (flame)
rCold   + . .      Faith    .   C - +0 kite shield {rC+}
rNeg    . . .      Spirit   .   L - +6 plate armour "Jiepro" {Int+4}
rPois   .          Reflect  +   (helmet restricted)
rElec   .          Harm     .   I - +0 cloak
rCorr   .          Rampage  .   K - +2 pair of gloves
Will    +....                   t - +2 pair of boots
Stlth   ..........              i - amulet of reflection
HPRegen 0.37/turn               B - ring "Vojao" {Fly Str+4}
MPRegen 0.14/turn               H - +6 ring of strength

@: lethally poisoned (-6 -> -35), on berserk cooldown, flying, slowed, very slow
A: horns 2, retaliatory headbutt
a: Renounce Religion, Berserk, Trog's Hand, Brothers in Arms


You were on level 4 of the Snake Pit.
You worshipped Trog.
Trog was extremely pleased with you.
You visited 4 branches of the dungeon, and saw 26 of its levels.
You visited 1 bazaar.
You also visited: Gauntlet and Ice Cave.

You collected 2382 gold pieces.
You spent 1760 gold pieces at shops.

Inventory:

Hand Weapons
 a - a +0 broad axe of freezing
 b - a +1 broad axe of flaming (weapon)
Armour
 t - a +2 pair of boots (worn)
 C - a +0 kite shield of cold resistance (worn)
 I - a +0 cloak (worn)
 K - a +2 pair of gloves (worn)
 L - the +6 plate armour "Jiepro" (worn) {Int+4}
   (You bought it in a shop on level 2 of the Orcish Mines)

   Int:       It affects your intelligence (+4).
Jewellery
 i - an amulet of reflection (around neck)
 m - a ring of protection from fire
 u - a ring of ice
 B - the ring "Vojao" (left hand) {Fly Str+4}
   (You found it in a Gauntlet)

   [ring of flight]

   Str:       It affects your strength (+4).
   Fly:       It grants you flight.
 D - a ring of fire
 E - a ring of poison resistance
 H - a +6 ring of strength (right hand)
Wands
 q - a wand of flame (75)
 r - a wand of roots (10)
 s - a wand of paralysis (19)
 w - a wand of polymorph (6)
 z - a wand of acid (8)
 F - a wand of mindburst (14)
 M - a wand of digging (2)
Scrolls
 c - a scroll of summoning
 d - 5 scrolls of blinking
 k - 4 scrolls of enchant weapon
 n - a scroll of teleportation
 v - 2 scrolls of fear
 x - 2 scrolls of brand weapon
 y - 4 scrolls of enchant armour
Potions
 e - 5 potions of curing
 f - 2 potions of haste
 g - 2 potions of heal wounds
 h - a potion of berserk rage
 j - 5 potions of might
 l - 3 potions of ambrosia
 o - 4 potions of resistance
 A - a potion of cancellation
 G - a potion of invisibility
 J - 4 potions of mutation


   Skills:
 + Level 21.3 Fighting
 - Level 18.0 Axes
 + Level 18.9 Armour
 - Level 2.1 Dodging
 + Level 20.6 Shields


You had 15 spell levels left.
You didn't know any spells.
Your spell library was empty.

Dungeon Overview and Level Annotations

Branches:
Dungeon (15/15)            Temple (0/1) D:4            Lair (5/5) D:8
 Shoals (0/4) Lair:3        Snake (4/4) Lair:2        Slime (0/5) Lair:5
    Orc (2/2) D:12            Elf (0/3) Orc:2        Vaults (0/5) D:13
 Depths (0/4) D:15          IceCv (visited)         Gauntlet (visited)

Altars:
Ashenzari
Cheibriados
Dithmenos
Elyvilon
Fedhas
Kikubaaqudgha
Makhleb
Nemelex Xobeh
Okawaru
Qazlal
Ru
Trog
Wu Jian
Xom
Zin
The Shining One

Shops:
D:7 *   D:8 ?   D:14 *   Orc:1 [(   Orc:2 =(*[:   Snake:2 [?(

Portals:
Hell: Lair:5

Annotations:
D:6 1 runed translucent door


Innate Abilities, Weirdness & Mutations

You have a pair of horns on your head.
You reflexively headbutt those who attack you in melee.


Message History

Trog appreciates your killing of a magic user.
You chop the naga into pieces!!! You burn the naga!
You kill the naga!
Trog accepts your kill.
* * * LOW HITPOINT WARNING * * *
You feel extremely sick.
* * * LOW HITPOINT WARNING * * *
You feel extremely sick. The naga mage spits poison at you.
The splash of poison hits you but does no damage.
You are more poisoned.
Things that are here:
a +0 club; a +0 robe You slice the naga mage!!
You burn the naga mage!
The naga mage is almost dead.
* * * LOW HITPOINT WARNING * * *
You feel very sick.
The naga mage gestures at you while chanting.
The bolt of poison hits you but does no damage.
You are more poisoned.
You slash the naga mage! You burn the naga mage.
You kill the naga mage!
Trog accepts your kill.
Trog appreciates your killing of a magic user.
* * * LOW HITPOINT WARNING * * *
You feel extremely sick.
You are too berserk!
A naga comes into view. It is wielding a +0 war axe.
* * * LOW HITPOINT WARNING * * *
You feel extremely sick.
The naga shouts!
You see here a +0 flail.
You are too berserk!
You are too berserk!
Okay, then.
You feel a strong urge to attack something.
You are no longer berserk.
You are exhausted.
You feel as though you will be slow longer.
You die...

###.).†.###....# #
#...)≈)...##...## #
#.#..≈≈~..#.#....# # #
#..~≈~..# #....# #
#.#..≈≈~..#.#....# ##
#...~~~...##....# ##.
###.....###.....######..
####'#)#######..........
#....N)@))# ###........
..N...))))...# ##.###...
.#........$#.....###
##.. .............#...
#.. ###.......###.##.
##. ##.~~~.## # #.
##~≈~## ## ##### #.
####.


You could see a naga warrior (strong) and a naga (strong).

Vanquished Creatures
  Mara (Snake:3)
  4 nagarajas (Snake:4)
  Aizul (Snake:4)
  The ghost of Fekhly the Geomancer, an adept GrEE of Vehumet (D:15)
  An orc warlord (Orc:2)
  The ghost of AverageBear the Cleaver, a journeyman FoFi of Okawaru (Lair:3)
  A minotaur (Gauntlet)
  Snorg (D:11)
  An ettin (shapeshifter) (D:15)
  Josephine (D:11)
  8 boulder beetles
  A rakshasa (D:15)
  A catoblepas (D:12)
  An ogre mage (D:15)
  5 hydras
  9 two-headed ogres
  11 naga warriors
  13 anacondas
  3 centaur warriors
  3 dancing weapons
  5 death yaks (Lair:4)
  4 tengu warriors
  3 orc high priests
  7 naga sharpshooters
  3 shock serpents
  2 salamander mystics
  A sixfirhy (Lair:5)
  A deep troll (D:15)
  2 sea snakes (Snake:4)
  A lindwurm (Lair:5)
  A naga ritualist (Snake:2)
  A bog body (IceCv)
  Pikel (D:8)
  8 mana vipers
  5 orc knights
  3 wizards
  A necromancer (IceCv)
  2 deep elf pyromancers
  8 cyclopes
  2 oklob plants
  4 ugly things (D:14)
  3 orc sorcerers (Orc:2)
  A moth of wrath (Gauntlet)
  The ghost of TheSexyCheese the Fighter, a novice GrFi of Gozag (D:6)
  A wolf spider (Gauntlet)
  A manticore (D:12)
  14 salamanders
  3 guardian serpents
  16 naga magi
  21 black mambas
  2 ice statues (IceCv)
  2 gargoyles (D:11)
  A smoke demon (Lair:5)
  7 cane toads
  An orange demon (Lair:5)
  2 unseen horrors
  Maggie (D:8)
  A freezing wraith (IceCv)
  8 rime drakes
  5 komodo dragons
  2 tengu conjurers
  4 anaconda simulacra (IceCv)
  3 red devils (Lair:5)
  A queen bee (shapeshifter) (D:13)
  6 ice devils
  9 trolls
  A hornet (D:8)
  8 blink frogs
  A snapping turtle (Lair:3)
  A centaur simulacrum (D:15)
  A vampire (D:10)
  2 shadows
  2 dire elephant simulacra (IceCv)
  38 yaks
  5 wyverns
  A yak (shapeshifter) (D:13)
  7 wraiths
  6 basilisks
  A hog (shapeshifter) (D:12)
  3 redbacks (Gauntlet)
  A death yak simulacrum (IceCv)
  A steam dragon (D:9)
  15 vampire mosquitoes
  4 harpy simulacra (IceCv)
  8 wargs
  2 acid dragons
  28 nagas
  17 water moccasins
  4 hell hounds (Lair:5)
  A meliai simulacrum (Gauntlet)
  3 sky beasts
  3 black bears
  An ice beast (D:6)
  30 orc warriors
  7 centaurs
  12 ogres
  3 boggarts (D:14)
  18 wolves
  4 lemures (D:8)
  A kobold brigand (D:9)
  A phantom (D:5)
  11 bullfrogs
  Blork the orc (D:5)
  A necrophage (D:4)
  5 scorpions
  4 earth elementals (D:12)
  8 wights
  20 killer bees
  5 electric eels
  A hound (D:4)
  9 orc priests
  A gnoll bouda (D:10)
  A jelly (D:3)
  2 iguanas (D:4)
  3 iron imps (D:8)
  23 orc wizards
  A polar bear simulacrum (Lair:4)
  A spriggan simulacrum (IceCv)
  2 wolf simulacra (Lair:4)
  10 adders
  8 gnolls
  A river rat (D:6)
  2 white imps
  An ufetubus (D:7)
  4 worms
  69 orcs
  6 endoplasms
  4 giant cockroaches
  2 goblins
  8 hobgoblins
  7 jackals
  2 quokkas
  3 training dummies (Orc:1)
  2 ball pythons
  10 bats
  7 frilled lizards
  12 kobolds
  4 rats
  A bush (Lair:1)
  A butterfly (Lair:4)
753 creatures vanquished.

Vanquished Creatures (collateral kills)
  An ettin (D:15)
  A deep troll (D:15)
  An orc sorcerer (D:15)
3 creatures vanquished.

Vanquished Creatures (others)
  A wizard (D:14)
  11 demonic plants (D:15)
  81 fungi
  106 plants
  14 toadstools (Lair:1)
213 creatures vanquished.

Grand Total: 969 creatures vanquished

Notes
Turn   | Place    | Note
-------+----------+-------------------------------------------
     0 | D:1      | sanboga the Minotaur Berserker began the quest for the Orb.
     0 | D:1      | Reached XP level 1. HP: 19/19 MP: 0/0
   157 | D:1      | Reached XP level 2. HP: 11/27 MP: 1/1
   704 | D:1      | Found a faded altar of an unknown god.
   800 | D:2      | Reached skill level 4 in Fighting
   802 | D:2      | Reached XP level 3. HP: 17/33 MP: 2/2
  1279 | D:2      | Reached ** piety under Trog
  1686 | D:3      | Identified a scroll of acquirement
  1686 | D:3      | Acquired a manual of Fighting
  1711 | D:3      | Reached skill level 5 in Axes
  1711 | D:3      | Reached XP level 4. HP: 30/41 MP: 3/3
  1941 | D:3      | Identified the +1 plate armour of the Catamount {Harm
                  | Regen+ Dex+3}
  1951 | D:3      | Reached skill level 5 in Fighting
  1951 | D:3      | Reached XP level 5. HP: 42/48 MP: 4/4
  2410 | D:4      | Reached *** piety under Trog
  2411 | D:4      | Reached XP level 6. HP: 49/57 MP: 5/5
  2621 | D:4      | Reached skill level 6 in Fighting
  2958 | D:4      | Found a staircase to the Ecumenical Temple.
  3083 | D:5      | Entered Level 5 of the Dungeon
  3103 | D:5      | Reached XP level 7. HP: 59/64 MP: 6/6
  3176 | D:5      | Reached skill level 7 in Fighting
  3176 | D:5      | Reached skill level 5 in Armour
  3539 | D:5      | Noticed Blork the orc
  3553 | D:5      | Killed Blork the orc
  3554 | D:5      | Reached skill level 8 in Fighting
  3880 | D:6      | Reached skill level 1 in Shields
  3880 | D:6      | Reached XP level 8. HP: 75/75 MP: 7/7
  3883 | D:6      | Found a sacrificial altar of Ru.
  3891 | D:6      | Found a runed translucent door.
  4029 | D:6      | Reached **** piety under Trog
  4115 | D:6      | Reached skill level 9 in Fighting
  4304 | D:6      | Found a runed translucent door.
  4410 | D:6      | Noticed TheSexyCheese's ghost (novice GrFi)
  4513 | D:6      | Killed TheSexyCheese's ghost
  4514 | D:6      | Reached skill level 10 in Axes
  4517 | D:6      | Reached XP level 9. HP: 67/85 MP: 8/8
  4526 | D:6      | Reached skill level 10 in Fighting
  4909 | D:7      | Identified the +4 trident of Irrepressible Laughter
                  | {vorpal, *Noise rF+++ rCorr Dex-3}
  4934 | D:7      | Found an iron altar of Okawaru.
  4959 | D:7      | Found Caoc's Serpentskin Sales.
  5200 | D:7      | Found a glowing golden altar of the Shining One.
  5201 | D:7      | Found a glowing silver altar of Zin.
  5202 | D:7      | Found a white marble altar of Elyvilon.
  5615 | D:8      | Noticed Pikel
  5624 | D:8      | Killed Pikel
  5625 | D:8      | Reached skill level 11 in Fighting
  5625 | D:8      | Reached skill level 5 in Shields
  5735 | D:8      | Found a staircase to the Lair.
  5739 | D:8      | Reached XP level 10. HP: 53/97 MP: 9/9
  6223 | D:8      | Reached skill level 12 in Fighting
  6237 | D:8      | Found a burning altar of Makhleb.
  6281 | D:8      | Found an ancient bone altar of Kikubaaqudgha.
  6399 | D:8      | Noticed Maggie
  6408 | D:8      | Killed Maggie
  6496 | D:8      | Identified the +0 robe of Zam Gac {Harm rN++ Str-3 Slay+5}
  6645 | D:8      | Found Rewugos's Magic Scroll Emporium.
  6655 | D:8      | Bought a scroll of blinking for 112 gold pieces
  6655 | D:8      | Bought a scroll of blinking for 112 gold pieces
  7444 | D:9      | Reached skill level 13 in Fighting
  8127 | D:10     | Entered Level 10 of the Dungeon
  8131 | D:10     | Reached XP level 11. HP: 107/107 MP: 10/10
  8211 | D:10     | Identified the +7 trident "Ogron" {vorpal, Contam rC+
                  | Int+6}
  8518 | D:10     | Noticed a two-headed ogre
  8533 | D:10     | Killed a two-headed ogre
  8534 | D:10     | Reached skill level 10 in Armour
  8540 | D:10     | Noticed a two-headed ogre
  8551 | D:10     | Killed a two-headed ogre
  8552 | D:10     | Reached skill level 14 in Fighting
  8554 | D:10     | Reached ***** piety under Trog
  8561 | D:10     | Found an ornate altar of the Wu Jian Council.
  8561 | D:10     | Found a bloodstained altar of Trog.
  8563 | D:10     | Found a snail-covered altar of Cheibriados.
  8573 | D:10     | Found a sparkling altar of Nemelex Xobeh.
  8574 | D:10     | Found a broken altar of Ashenzari.
  9317 | D:11     | Noticed Josephine
  9327 | D:11     | Killed Josephine
  9614 | D:11     | Noticed Snorg
  9625 | D:11     | Killed Snorg
  9892 | D:11     | Reached skill level 15 in Axes
  9932 | D:11     | Noticed a boulder beetle
  9946 | D:11     | Killed a boulder beetle
 10316 | D:12     | Reached skill level 15 in Fighting
 10606 | D:12     | Reached XP level 12. HP: 99/121 MP: 11/11
 10974 | D:12     | Found a staircase to the Orcish Mines.
 11151 | D:12     | Noticed a boulder beetle
 11170 | D:12     | Killed a boulder beetle
 11995 | D:12     | Received a gift from Trog
 12005 | D:12     | Noticed a catoblepas
 12009 | D:12     | Reached skill level 10 in Shields
 12014 | D:12     | Killed a catoblepas
 12721 | D:13     | Found a stormy altar of Qazlal.
 12733 | D:13     | Noticed a two-headed ogre
 12741 | D:13     | Killed a two-headed ogre
 12978 | D:13     | Noticed a centaur warrior
 12982 | D:13     | Killed a centaur warrior
 12983 | D:13     | Reached skill level 16 in Fighting
 13033 | D:13     | Noticed a boulder beetle
 13053 | D:13     | Killed a boulder beetle
 13453 | D:13     | Found a gate to the Vaults.
 13497 | D:13     | Noticed a tengu warrior
 13512 | D:13     | Killed a tengu warrior
 13820 | D:14     | Noticed a tengu warrior
 13828 | D:14     | Killed a tengu warrior
 13833 | D:14     | Reached XP level 13. HP: 87/128 MP: 12/12
 14561 | D:14     | Found Mithaole's General Store.
 14901 | D:15     | Entered Level 15 of the Dungeon
 14946 | D:15     | Found a shadowy altar of Dithmenos.
 14974 | D:15     | Noticed an ettin
 14980 | D:15     | Found a gate leading to a gauntlet.
 14982 | D:15     | Found a runed translucent door.
 14986 | Gauntlet | Entered a Gauntlet
 14986 | Gauntlet | Found a transporter.
 14986 | Gauntlet | Found a transporter.
 15143 | Gauntlet | Found a transporter.
 15147 | Gauntlet | Found a transporter.
 15156 | Gauntlet | Found a transporter.
 15160 | Gauntlet | Found a transporter.
 15166 | Gauntlet | Found a runed translucent gate.
 15166 | Gauntlet | Found a runed translucent gate.
 15166 | Gauntlet | Found a runed translucent gate.
 15174 | Gauntlet | Found a transporter.
 15193 | Gauntlet | Found a transporter.
 15208 | Gauntlet | Found a transporter.
 15216 | Gauntlet | Found a transporter.
 15226 | Gauntlet | Found a transporter.
 15230 | Gauntlet | Found a transporter.
 15278 | Gauntlet | Identified the ring "Vojao" {Fly Str+4}
 15405 | Gauntlet | Identified the amulet of the Countless Invaders {Faith rC+
                  | Int+2}
 15499 | Gauntlet | Identified the +5 war axe "Iplav" {flame, SInv}
 15499 | Gauntlet | Noticed a minotaur
 15519 | Gauntlet | Killed a minotaur
 15661 | D:15     | Noticed Fekhly's ghost (adept GrEE)
 15662 | D:15     | Killed an ettin
 16056 | D:15     | Found a blossoming altar of Fedhas.
 16059 | D:15     | Found a radiant altar of Vehumet.
 16059 | D:15     | Found a shimmering altar of Xom.
 16061 | D:15     | Found a hide-covered altar of Uskayaw.
 16061 | D:15     | Found a shimmering altar of Xom.
 16061 | D:15     | Found a broken altar of Ashenzari.
 16300 | D:15     | Reached skill level 17 in Fighting
 16355 | D:15     | Found a staircase to the Depths.
 16928 | D:15     | Noticed an ettin
 16936 | D:15     | Killed an ettin
 17267 | D:15     | Reached XP level 14. HP: 137/140 MP: 13/13
 17663 | D:15     | Killed Fekhly's ghost
 17925 | Lair:1   | Entered Level 1 of the Lair of Beasts
 18445 | Lair:1   | Found a blossoming altar of Fedhas.
 19219 | Lair:2   | Found a staircase to the Snake Pit.
 19683 | Lair:2   | Received a gift from Trog
 19914 | Lair:3   | Found a runed translucent door.
 19914 | Lair:3   | Found a shimmering altar of Xom.
 19914 | Lair:3   | Noticed AverageBear's ghost (journeyman FoFi)
 19929 | Lair:3   | Killed AverageBear's ghost
 20158 | Lair:3   | Found a staircase to the Shoals.
 20627 | Lair:3   | Reached skill level 18 in Fighting
 20923 | Lair:4   | Found a frozen archway.
 20937 | IceCv    | Entered an ice cave
 21322 | IceCv    | Reached skill level 15 in Armour
 22023 | Lair:4   | Reached skill level 15 in Shields
 22733 | Lair:5   | Entered Level 5 of the Lair of Beasts
 22810 | Lair:5   | Found a staircase to the Slime Pits.
 23270 | Lair:5   | Found a burning altar of Makhleb.
 23275 | Lair:5   | Reached XP level 15. HP: 90/151 MP: 14/14
 23490 | Lair:5   | Found a gateway to Hell.
 23935 | Lair:5   | Reached skill level 19 in Fighting
 24148 | Lair:5   | Received a gift from Trog
 24509 | Orc:1    | Entered Level 1 of the Orcish Mines
 24604 | Orc:1    | Found Anisujio's Antique Armour Boutique.
 24872 | Orc:1    | Found a bloodstained altar of Trog.
 24980 | Orc:1    | Found Ranin's Firing Range.
 25099 | Orc:2    | Entered Level 2 of the Orcish Mines
 25099 | Orc:2    | Found a staircase to the Elven Halls.
 25141 | Orc:2    | Found Pastexzame's Self-Improvement Boutique.
 25144 | Orc:2    | Received a gift from Trog
 25194 | Orc:2    | Noticed an orc warlord
 25195 | Orc:2    | Found Xiosh's Antique Armour Boutique.
 25208 | Orc:2    | Killed an orc warlord
 25458 | Orc:2    | Found Cocuc's Jewellery Shoppe.
 25586 | Orc:2    | Found Nimoukk's General Store.
 25609 | Orc:2    | Bought a scroll of blinking for 112 gold pieces
 25609 | Orc:2    | Bought a scroll of magic mapping for 112 gold pieces
 25645 | Orc:2    | Found Wet Ywna's Antique Weapon Shoppe.
 26179 | Orc:2    | Bought a spiked plate armour for 840 gold pieces
 26179 | Orc:2    | Identified the +6 plate armour "Jiepro" {Int+4} (You bought
                  | it in a shop on level 2 of the Orcish Mines)
 26400 | Snake:1  | Entered Level 1 of the Snake Pit
 28363 | Snake:2  | Received a gift from Trog
 28364 | Snake:2  | Reached skill level 20 in Fighting
 28410 | Snake:2  | Found Kyecuagu's Weapon Shop.
 28413 | Snake:2  | Found Guosu's Magic Scroll Boutique.
 28415 | Snake:2  | Found Qeal's Armour Shop.
 28421 | Snake:2  | Bought a scroll of enchant armour for 112 gold pieces
 29831 | Snake:3  | Reached XP level 16. HP: 140/163 MP: 12/15
 29878 | Snake:3  | Found a flickering gateway to a bazaar.
 29886 | Bazaar   | Entered a bazaar
 30073 | Bazaar   | Found Fuyce's Antique Armour Boutique.
 30077 | Bazaar   | Found Yleronerr's Distillery.
 30087 | Bazaar   | Found Ziant's Jewellery Emporium.
 30090 | Bazaar   | Bought a potion of heal wounds for 60 gold pieces
 30102 | Bazaar   | Found Kobotium's Distillery.
 30105 | Bazaar   | Found Hakhup's Weapon Emporium.
 30108 | Bazaar   | Bought a potion of heal wounds for 60 gold pieces
 30141 | Bazaar   | Bought a potion of mutation for 96 gold pieces
 30141 | Bazaar   | Bought a potion of mutation for 96 gold pieces
 30141 | Bazaar   | Bought a potion of might for 48 gold pieces
 30299 | Snake:3  | HP: 10/247 [salamander/+0 glaive (15)]
 30775 | Snake:3  | Noticed Mara
 30784 | Snake:3  | Noticed sanboga's illusion
 30790 | Snake:3  | Noticed sanboga's illusion
 30796 | Snake:3  | Killed Mara
 31523 | Snake:3  | Received a gift from Trog
 32341 | Snake:4  | Entered Level 4 of the Snake Pit
 32811 | Snake:4  | Reached skill level 21 in Fighting
 32994 | Snake:4  | Noticed Aizul
 33010 | Snake:4  | Killed Aizul
 33988 | Snake:4  | HP: 9/250 [poisoned by a naga mage (bolt of poison)]
 33989 | Snake:4  | HP: 1/250 [poisoned by a naga mage (bolt of poison)]
 33990 | Snake:4  | Succumbed to a naga mage's bolt of poison

Illustrated notes

Levels and vault maps discovered:
D:1:      tarquinn_simple_flora_water_d, layout_basic,
          dreamdust_ecumenical_altar_statues
D:2:      layout_rooms
D:3:      layout_rooms, hangedman_decor_push, due_unseen_surprise
D:4:      layout_cave_pools, minmay_temple_entry_butterflies, st_stairs_6,
          minmay_unequal
D:5:      layout_rooms, ebering_dispersal_statue_hall, uniq_blork_the_orc
D:6:      layout_cave_pools, hangedman_ru_absence, ebering_ghost_sewer_f
D:7:      layout_cave_pools, good_gods_temple_1,
          mainiacjoe_overflow_surrounded_room, serial_bayou,
          serial_bayou_pond_d, serial_bayou_pond_c, serial_bayou_ford_a,
          serial_bayou_pond_a, serial_bayou_crossing, guppyfry_shop_venom
D:8:      layout_basic, demons_altar, mainiacjoe_overflow_six_doors_small,
          due_lair_maze_entry_diamond, serial_shops, shop_fountains,
          uniq_maggie, uniq_pikel
D:9:      layout_loops_ring, small_statue_intersection
D:10:     layout_basic, grunt_temple_overflow_open, hangedman_decor_opposing,
          dk_noncrumbling_3
D:11:     layout_gridville, uniq_snorg, uniq_josephine
D:12:     layout_basic, nicolae_twisting_strands, hangedman_cracks_in_the_wall
D:13:     layout_rooms, erik_vaults_1, nicolae_qazlal_general_emergency
D:14:     layout_irregular_city, serial_shops, shop,
          infiniplex_staircase_squiggle
D:15:     hangedman_depths_entry_civil_slaughter, layout_layer_cave,
          gauntlet_entry_generic, nicolae_dithmenos_the_darkroom,
          hellmonk_ghost_happy_afterlife, dreamdust_princess_corridor,
          doesnt_xom_only_xom
Lair:1:   layout_regular_city, minivault_26, tgw_fedhas
Lair:2:   layout_long_grid, minmay_snake_entry_guardpost_small
Lair:3:   layout_misc_corridors, minmay_shoals_entry_hut, ebering_ghost_xom,
          chequers_serial_rivers_room_b, columned_hall_lemuel,
          lemuel_fruit_fields
Lair:4:   layout_loops_ring, portal_ice_cave_entry_ice_simulacra,
          serial_bayou_pond_a, lemuel_fruit_fields
Lair:5:   evil_forest, layout_small_grid, slime_entry_1, serial_bayou_pond_d,
          grunt_forest_stairs_basic, serial_bayou_pond_a, lemuel_fruit_fields
Snake:1:  layout_layer_cave, nicolae_triple_integral, serial_bayou_shore_b
Snake:2:  layout_chambers, minmay_shop_star, lemuel_fruit_tree
Snake:3:  layout_cave_town, serial_shops, bzr_entry_islet,
          nicolae_snake_double_loop, grunt_megastairs_5, serial_bayou_shore_b,
          uniq_mara
Snake:4:  grunt_snake_rune_pools, layout_cave_town,
          nicolae_snake_serpentine_hallways, abandoned_shop, st_stairs_8,
          nicolae_snake_lava_pool, serial_bayou_shore_b, uniq_aizul
Orc:1:    layout_caves, serial_shops, nicolae_shop_statue_plus, basic_altar,
          nicolae_shop_firing_range
Orc:2:    grunt_orc_gardens, layout_caves, grunt_orc_garden, grunt_orc_garden,
          grunt_orc_garden, grunt_orc_garden, basic_altar,
          nicolae_shop_self_help

Skill      XL: |  1  2  3  4  5  6  7  8  9 10 11 12 13 14 15 16 |
---------------+-------------------------------------------------+-----
Axes           | 4 5 6 7 8 10 12 13 15 17 18 | 18.0
Fighting       | 4 5 6 8 9 11 13 15 16 17 18 20 21 | 21.3
Armour         | 3 4 6 7 8 9 11 12 14 15 17 18 | 18.9
Shields        | 1 3 5 7 9 10 12 16 19 20 | 20.6
Dodging        | |  2.1

Action                   |  1- 3 |  4- 6 |  7- 9 | 10-12 | 13-15 | 16-18 || total
-------------------------+-------+-------+-------+-------+-------+-------++-------
Melee: Hand axe          |   103 |   106 |   210 |    80 |       |       ||   499
       Headbutt          |    12 |    22 |    31 |   121 |   231 |    45 ||   462
       Punch             |       |     2 |     3 |       |       |       ||     5
       Broad axe         |       |       |       |   459 |   994 |   221 ||  1674
Invok: Berserk           |       |       |     4 |     7 |    14 |     6 ||    31
  Use: Scroll            |    12 |     5 |     2 |    11 |     9 |       ||    39
       Potion            |       |       |       |     5 |     1 |     1 ||     7
 Stab: Invisible         |       |       |       |     1 |       |       ||     1
Armor: Plate armour      |    70 |    50 |    63 |   228 |   285 |   109 ||   805
Dodge: Dodged            |    31 |    46 |    50 |   111 |   173 |    38 ||   449
Block: Other             |       |    14 |     4 |       |       |       ||    18
       Buckler           |       |       |    70 |   238 |   170 |       ||   478
       Reflection        |       |       |       |    10 |    49 |    38 ||    97
       Kite shield       |       |       |       |       |   463 |   238 ||   701
